 Dungeon Crawl Stone Soup version 0.32-a0-18-g89e19f1974 (webtiles) character file.

Game seed: 5860765451900090212

123 Curundu the Chopper (level 4, -1/39 HPs)
             Began as a Minotaur Berserker on Jan 16, 2024.
             Was a Believer of Trog.
             Slain by an orc wizard
             ... wielding a +0 dagger
              (4 damage)
             ... on level 4 of the Dungeon.
             The game lasted 00:06:51 (1922 turns).

Curundu the Chopper (Minotaur Berserker)            Turns: 1922, Time: 00:06:51

Health: -1/39      AC:  9    Str: 29    XL:     4   Next: 79%
Magic:  3/3        EV:  9    Int:  4    God:    Trog [**....]
Gold:   91         SH:  0    Dex: 10    Spells: 3/3 levels left

rFire   . . .        a - +0 hand axe
rCold   . . .        (no shield)
rNeg    . . .        g - +0 chain mail
rPois   .            j - +1 hat
rElec   .            (no cloak)
rCorr   .            (no gloves)
SInv    .            (no boots)
Will    .....        (no amulet) Stlth
                     b - +6 ring of strength
HPRegen 0.26/turn    (no ring)
MPRegen 0.08/turn

%: no passive effects
@: lethally poisoned (-1 -> -3)
A: horns 2, retaliatory headbutt
a: Renounce Religion, Berserk, Trog's Hand


You were on level 4 of the Dungeon.
You worshipped Trog.
Trog was pleased with you.
You visited 1 branch of the dungeon, and saw 4 of its levels.

You collected 91 gold pieces.

Inventory:

Hand Weapons
 a - a +0 hand axe (weapon)
Missiles
 k - 5 boomerangs (quivered)
Armour
 g - a +0 chain mail (worn)
 j - a +1 hat (worn)
Jewellery
 b - a +6 ring of strength (left hand)
 f - an amulet of magic regeneration
Scrolls
 c - 2 scrolls of enchant armour
 i - a scroll of teleportation
 m - a scroll of silence {unknown}
 n - a scroll of revelation {unknown}
Potions
 d - a potion of lignification
 e - a potion of magic {unknown}
 h - a potion of invisibility {unknown}
 l - 2 potions of curing {unknown}


   Skills:
 - Level 3.6 Fighting
 + Level 6.7 Axes
 - Level 2.4 Armour
 - Level 2.1 Dodging


You had 3 spell levels left.
You didn't know any spells.
Your spell library was empty.

Dungeon Overview and Level Annotations

Branches:
Dungeon (4/15)
 Temple: D:4-7

Altars:
Elyvilon


Innate Abilities, Weirdness & Mutations

You have a pair of horns on your head.
You reflexively headbutt those who attack you in melee.


Message History

The orc closely misses you. You furiously retaliate!
You headbutt the orc!
You kill the orc!
Trog accepts your kill.
The orc wizard casts a spell.
The orc wizard flickers and vanishes!
You barely miss something. Your headbutt misses something. You slash the orc!
You kill the orc!
Trog accepts your kill.
You feel sick. Something hits you but does no damage.
You hit something but do no damage. You headbutt something. You hit something.
You feel sick.
You hear some strange, mumbled words.
A magic dart appears from out of thin air!
The magic dart hits you.
You hear some strange, mumbled words.
Something tries to affect you, but you resist.
You completely miss something. You hit something.
You feel sick.
You hear some strange, mumbled words.
A magic dart appears from out of thin air!
The magic dart hits you but does no damage.
Something hits you.
You closely miss something. You hit something but do no damage.
You feel sick. Something hits you. x2
You slash something! Your headbutt misses something.
You hit something but do no damage.
You feel sick.
You hear some strange, mumbled words.
A magic dart appears from out of thin air!
The magic dart hits you.
You hear some strange, mumbled words.
A puff of flame appears from out of thin air!
The puff of flame hits you!
* * * LOW HITPOINT WARNING * * *
You closely miss something. x2
* * * LOW HITPOINT WARNING * * *
You feel sick.
You hear some strange, mumbled words.
A magic dart appears from out of thin air!
The magic dart hits you but does no damage.
Something hits you.
You die...

..######.............
....................
........##...>.....
........#.........
#.................
##.................
##..................
###.{)).# ####......
#...{@#.## ##.....
.....####..# ##.... ...#
#..# #.... .. ##..##
##... . ##....## #...
##......## ####...
##........##........ ###
#.#.................
....##........#######...


There were no monsters in sight!

Vanquished Creatures
  A bombardier beetle (D:4)
  An orc priest (D:4)
  An adder (D:3)
  2 dart slugs (D:3)
  A ribbon worm (D:2)
  5 orcs (D:4)
  3 ball pythons
  A bat (D:3)
  5 endoplasms
  3 giant cockroaches (D:3)
  2 goblins
  3 hobgoblins
  4 quokkas
  3 frilled lizards
  A kobold (D:3)
  8 rats
44 creatures vanquished.

Notes
Turn   | Place    | Note
-------+----------+-------------------------------------------
     0 | D:1      | Curundu the Minotaur Berserker began the quest for the Orb.
     0 | D:1      | Reached XP level 1. HP: 19/19 MP: 0/0
   240 | D:2      | Reached skill level 4 in Axes
   255 | D:2      | Reached XP level 2. HP: 23/26 MP: 1/1
   960 | D:3      | Reached skill level 5 in Axes
   960 | D:3      | Reached XP level 3. HP: 17/31 MP: 2/2
  1063 | D:3      | Found a white marble altar of Elyvilon.
  1084 | D:3      | Reached ** piety under Trog
  1534 | D:3      | Identified the +1 quarterstaff "Gygiqil" {venom, Fly}
  1739 | D:4      | Reached skill level 6 in Axes
  1739 | D:4      | Reached XP level 4. HP: 35/39 MP: 3/3
  1922 | D:4      | Slain by an orc wizard

Illustrated notes

Levels and vault maps discovered:
D:1:      minmay_arrival_widening_spiral_narrow, layout_basic,
          hellmonk_ecumenical_altar_lost_god
D:2:      layout_basic
D:3:      minmay_wonky_spiral, layout_loops_cross,
          nicolae_overflow_crystal_walls
D:4:      layout_layer_cave, mainiacjoe_overflow_small_starburst,
          nzn_random_ring

Skill      XL: |  1  2  3 |
---------------+----------+-----
Axes           | 4 5 6 |  6.7
Fighting       | |  3.6
Armour         | |  2.4
Dodging        | |  2.1

Action                     |  1- 3 |  4- 6 || total
---------------------------+-------+-------++-------
  Melee: Hand axe          |    69 |    14 ||    83
         Headbutt          |    11 |     4 ||    15
 Invoke: Trog's Hand       |       |     1 ||     1
    Use: Scroll            |     3 |       ||     3
 Armour: Animal skin       |    19 |       ||    19
         Chain mail        |    19 |    20 ||    39
  Dodge: Dodged            |    42 |     3 ||    45

Table legend: (Time is in decaauts)
 A = Elapsed time spent in this place.
 B = Non-inter-level travel time spent in this place.
 C = Inter-level travel time spent in this place.
 D = Time resting spent in this place.
 E = Time spent auto-exploring this place.
 F = Levels seen in this place.
 G = Mean time per level.
                   A        B        C        D        E       F      G
               +--------+--------+--------+--------+--------+-----+--------+
         Total |   1924 |   1924 |      0 |      2 |   1440 |   4 |  481.0 |
       Dungeon |   1924 |   1924 |      0 |      2 |   1440 |   4 |  481.0 |
               +--------+--------+--------+--------+--------+-----+--------+

Top non-repeatable levels by time:
     D:3: 789 daAuts
     D:2: 784 daAuts
     D:4: 192 daAuts
     D:1: 159 daAuts
